AoeStats
← Dom&Benito

Oasis

508330188Analyzed
3v3 RM · 9d ago on Sep 22, 2026· 39m 2s· 6 players
Game mode
Random Map
Map size
Normal (6 player)
Population
200
Speed
Normal
Resources
Standard
Victory
Conquest
Starting age
Dark Age
Ending age
Imperial Age
RankedLock teamsTeams togetherTeam positionsShared explorationLock speedFull tech treeHidden civsTurbo modeCheats
Victory
Defeat
🇬🇾 Bohemians · Guyana
1236
+13
🇨🇳 Turks · China
1176
+15
🇪🇸 Celts · Spain
1167
+16
🇨🇦 Bohemians · Canada
1245
-18
🇨🇦 Khmer · Canada
1244
-18
🇨🇦 Bengalis · Canada
1000
-28
FeuillePaille36
12:11 Feudal Age
12:45 Loom
13:11 Horse Collar
13:22 Double-Bit Axe
16:48 Man-at-Arms
25:47 Castle Age
25:07 Bloodlines
26:22 Scale Barding Armor
28:10 Chain Barding Armor
29:24 Heavy Plow
29:42 Bow Saw
30:41 Stone Mining
30:47 Gold Mining
Dom&Benito
8:26 Loom
12:12 Feudal Age
12:52 Double-Bit Axe
12:49 Horse Collar
16:54 Bloodlines
19:43 Castle Age
19:12 Scale Barding Armor
19:18 Forging
21:05 Bow Saw
21:33 Heavy Plow
24:59 Iron Casting
33:17 Imperial Age
30:43 Elite Skirmisher
32:15 Fletching
32:26 Padded Archer Armor
32:31 Pikeman
32:56 Arson
35:24 Halberdier
37:11 Scale Mail Armor
38:12 Blast Furnace
37:08 Bodkin Arrow
38:04 Conscription
38:28 Chain Mail Armor
Eljrufio Delarive
3:11 Loom
10:51 Feudal Age
11:51 Horse Collar
12:17 Double-Bit Axe
19:24 Castle Age
19:43 Fletching
20:35 Bow Saw
20:19 Crossbowman
22:16 Wheelbarrow
26:19 Wheelbarrow
25:40 Bodkin Arrow
27:19 Padded Archer Armor
27:24 Elite Skirmisher
31:07 Leather Archer Armor
ennio2mil
8:09 Loom
11:45 Feudal Age
16:00 Castle Age
14:27 Double-Bit Axe
15:11 Gold Mining
19:17 Fletching
30:07 Imperial Age
27:44 Horse Collar
32:03 Scale Mail Armor
32:59 Wheelbarrow
34:14 Bodkin Arrow
35:33 Chain Mail Armor
37:53 Bow Saw
Twisted Fate
11:12 Feudal Age
10:01 Loom
15:48 Castle Age
16:19 Double-Bit Axe
16:14 Horse Collar
17:11 Fervor
17:19 Heavy Plow
20:27 Bow Saw
22:34 Chemistry
23:02 Wheelbarrow
25:08 Hand Cart
26:47 Padded Archer Armor
27:21 Town Watch
30:20 Scale Barding Armor
30:25 Forging
31:48 Sanctity
31:04 Light Cavalry
31:44 Husbandry
32:37 Chain Barding Armor
32:52 Iron Casting
38:52 Imperial Age
37:54 Pikeman
38:34 Squires
38:37 Scale Mail Armor
逆天小肥猪
8:41 Loom
11:22 Feudal Age
16:09 Castle Age
14:11 Double-Bit Axe
14:45 Horse Collar
22:21 Bow Saw
23:00 Heavy Plow
25:05 Scale Barding Armor
26:27 Chain Barding Armor
27:19 Bloodlines
29:21 Gold Mining
29:22 Stone Mining
31:40 Gold Shaft Mining
33:15 Town Watch
34:06 Wheelbarrow
36:15 Imperial Age
34:00 Masonry
34:09 Husbandry
36:42 Chain Barding Armor
36:24 Padded Archer Armor
36:54 Forging
37:02 Hand Cart
37:11 Artillery
37:32 Conscription
39:22 Padded Archer Armor
39:12 Fletching
Connection lost

Rejoining the realm…

Still unreachable

The connection could not be restored.

Session expired

The server has moved on; the page needs a fresh start.